Zazza, neutral female human Tourist ----- ---------- |...| |........| #....-# ------------ |........| |...|# |.....>.....# |........-### ---|-# |...._.....|# |........| # ----------- ## # |..........|# #-........| ### |+........| # # ----.-------# #---------- # |@..m.....| ### # # # ### #d@f.......(| -----.-- ### ### # # ----------- |......| # # # # |......| ### ###################### # |...<..| # ---.-------- #----.--# |......| ##...........| #|.....|# |......| |..........| #|......# -------- |..........| #-.....| ------------ ------- Zazza the Rambler Experience level: 1 Strength: 11 Dexterity: 15 Constitution: 15 Intelligence: 10 Wisdom: 11 Charisma: 18 Health: 0(10) Energy: 4(4) Def: 5 Gold: 445 Moves: 1543 Dungeon seed: 7athirWDRMU4D59I Game ID: Zazza_1618758970 Your Inventory: Coins $ - 445 gold pieces Amulets t - a cursed amulet of strangulation x - a cursed amulet of strangulation Weapons a - 30 +2 darts v - a +0 orcish dagger (weapon in hand) Armor n - an uncursed +0 Hawaiian shirt N - an uncursed +0 cloak of protection (being worn) Y - an uncursed +1 elven leather helm (being worn) Comestibles b - 10 uncursed food rations c - 2 uncursed pancakes d - an uncursed melon j - 3 uncursed eggs k - an uncursed banana A - an uncursed tripe ration Scrolls f - 3 uncursed scrolls of magic mapping u - a blessed scroll of fire w - an uncursed scroll of remove curse F - a cursed scroll of light J - an uncursed scroll of identify K - a blessed scroll of create monster Potions e - 2 uncursed potions of extra healing l - an uncursed potion of gain ability G - an uncursed potion of fruit juice I - an uncursed potion of sickness Q - a blessed potion of oil Rings E - an uncursed +5 ring of gain constitution Tools h - an expensive camera (0:43) P - an uncursed lock pick Spells and supernatural/magical abilities: Name Level Category Fail Memory W - pray for help -- divine ? -- Your skills at the end: Fighting Skills Weapon Skills dart [Basic] Spellcasting Skills Final Attributes: You were nominally aligned. You were protected. You are dead. Vanquished creatures: a yellow mold a gecko 7 jackals 2 foxes 4 goblins 2 sewer rats 2 grid bugs 2 newts 21 creatures vanquished. Voluntary challenges: You never hit with a wielded weapon. You read items or engraved 6 times, starting on turn 168. You never genocided any monsters. You never polymorphed an object. You never changed form. You used no wishes. You never split a pudding. You wrote Elbereth's name 2 times, starting on turn 1466. You never violated your personal moral code. Dungeon overview: The Dungeons of Doom: levels 1 to 3 Level 1 some fountains a long staircase Level 2 a scroll shop Level 3 <- You were here a general store, an altar to The Lady a long staircase History has recorded: On T:1 you entered the Dungeons of Doom to retrieve the Amulet of Yendor! On T:336 you reached level 2 of The Dungeons of Doom. On T:698 you reached level 3 of The Dungeons of Doom. Score breakdown: Gold: 336 ( 8598 points) Experience: 1 level ( 0 points) Exploration: 3 levels ( 6.12%) ( 6123 points) Discoveries: 8 items ( 2.68%) ( 4915 points) Valuables value: (no points given unless you survive) Artifact value: 0 ( 0 points) Variety of kills: 8 monsters ( 2.10%) ( 4347 points) Turncount: 1543 turns ( 0 points) Survival: died (score multiplied by 80%) Total score: 19186 Latest messages: Something is written here in the dust. You read: "EXbereth". You see no objects here. You wipe out the message that was written in the dust here. You write in the dust with your fingers. Something is written here in the dust. You read: "Elbereth". You see no objects here. You begin praying to The Lady. You are surrounded by a shimmering light. The jackal turns to flee! The small mimic mimics a chicken for a moment! You feel that The Lady is satisfied. Something is written here in the dust. You read: "Elbereth". You see no objects here. The jackal bites! You miss the jackal. The jackal bites! You die... Wonotobo gratefully inherits all your possessions. Final status: Aloha Zazza the Tourist, killed by a jackal... You died in The Dungeons of Doom on dungeon level 3 with 19186 points, and 445 pieces of gold, after 1543 moves. You were level 1 with a maximum of 10 hit points when you died.